Map: Daybreak LE (Void)

Players

Neeb

  • Race: Protoss Protoss
  • Spawn Location: 1:00

ShoWTimE - Winner!

  • Race: Protoss Protoss
  • Spawn Location: 7:00

Event: WESG 2016 Finals

VOD

Have the link to the VOD?

Description

Time

  • Played on: Jan. 15, 2017, 4:37 p.m.
  • Length: 21:02

All games in this series

Show
View Real Time Build Order
Export as new Build Order

Neeb Protoss 

Build Orders:  

Get SALT Encoding   

  12  0:00  Probe (Chrono Boost)  
  13  0:11  Probe (Chrono Boost)  
  14  0:20  Pylon  
  14  0:22  Probe (Chrono Boost)  
  15  0:38  Probe (Chrono Boost), Gateway  
  16  0:44  Assimilator  
  16  0:49  Probe (Chrono Boost)  
  17  0:52  Assimilator  
  17  1:00  Probe (Chrono Boost)  
  18  1:05  Gateway  
  18  1:10  Probe (Chrono Boost)  
  19  1:21  Probe (Chrono Boost)  
  20  1:26  Cybernetics Core  
  20  1:31  Probe (Chrono Boost)  
  21  1:36  Pylon  
  21  1:42  Probe (Chrono Boost)  
  22  1:51  Warp Gate  
  22  1:52  Probe (Chrono Boost)  
  23  2:03  Mothership Core (Chrono Boost)  
  23  2:05  Stalker  
  27  2:14  Stalker  
  29  2:17  Pylon  
  30  2:23  Probe (Chrono Boost)  
  30  2:35  Stalker  
  32  2:44  Stalker  
  34  3:02  Nexus  
  34  3:08  Probe (Chrono Boost)  
  35  3:15  Sentry  
  38  3:20  Probe (Chrono Boost)  
  38  3:25  Robotics Facility  
  38  3:33  Pylon  
  38  3:37  Probe (Chrono Boost)  
  39  3:49  Twilight Council  
  39  3:51  Probe (Chrono Boost)  
  40  3:55  Sentry  
  40  4:02  Probe (Chrono Boost)  
  43  4:09  Warp Prism  
  43  4:11  Blink  
  43  4:14  Probe (Chrono Boost)  
  43  4:15  Probe (Chrono Boost)  
  47  4:26  Probe (Chrono Boost)  
  47  4:27  Probe (Chrono Boost)  
  49  4:34  Assimilator  
  49  4:38  Probe (Chrono Boost)  
  50  4:41  Probe (Chrono Boost), Adept  
  50  4:42  Adept  
  50  4:45  Observer  
  55  4:50  Probe (Chrono Boost)  
  58  4:53  Probe (Chrono Boost)  
  58  5:01  Pylon  
  58  5:02  Probe (Chrono Boost)  
  58  5:03  Assimilator  
  58  5:05  Probe (Chrono Boost)  
  61  5:14  Probe (Chrono Boost), Immortal  
  61  5:18  Probe (Chrono Boost)  
  66  5:24  Pylon  
  66  5:26  Probe (Chrono Boost)  
  67  5:31  Probe (Chrono Boost)  
  67  5:32  Gateway  
  67  5:33  Sentry  
  70  5:40  Pylon  
  72  5:44  Probe x2 (Chrono Boost)  
  72  5:46  Sentry  
  74  5:53  Robotics Facility, Robotics Bay  
  74  5:56  Probe (Chrono Boost)  
  76  5:58  Probe (Chrono Boost)  
  76  5:59  Immortal  
  76  6:09  Stalker  
  82  6:11  Pylon  
  82  6:20  Adept  
  84  6:29  Pylon  
  84  6:31  Adept  
  86  6:39  Disruptor, Gateway  
  86  6:40  Disruptor  
  86  6:43  Gateway  
  86  6:44  Gateway  
  92  6:59  Nexus  
  92  7:02  Stalker  
  92  7:06  Stalker  
  95  7:10  Disruptor  
  95  7:11  Disruptor  
  98  7:21  Probe (Chrono Boost)  
  98  7:22  Pylon  
  102  7:38  Pylon x2  
  102  7:41  Disruptor  
  102  7:42  Probe x2 (Chrono Boost)  
  104  7:47  Forge  
  107  7:52  Stalker  
  107  7:54  Probe (Chrono Boost)  
  107  7:57  Probe (Chrono Boost)  
  112  8:06  Probe (Chrono Boost)  
  112  8:09  Observer  
  112  8:10  Stalker x4  
  121  8:16  Probe (Chrono Boost)  
  121  8:17  Probe (Chrono Boost)  
  123  8:22  Disruptor  
  124  8:27  Probe (Chrono Boost)  
  127  8:41  Stalker x2  
  127  8:42  Stalker x4  
  127  8:45  Pylon  
  140  8:50  Probe x2 (Chrono Boost)  
  140  8:54  Protoss Ground Weapons Level 1  
  141  8:57  Probe (Chrono Boost)  
  139  9:09  Probe (Chrono Boost)  
  142  9:10  Stargate  
  142  9:11  Probe x2 (Chrono Boost), Photon Cannon  
  142  9:14  Disruptor  
  142  9:15  Photon Cannon, Assimilator x2  
  142  9:20  Probe (Chrono Boost)  
  146  9:33  Disruptor  
  146  9:36  Pylon x2  
  147  9:42  Probe x2 (Chrono Boost)  
  149  9:49  Gateway  
  149  9:51  Gateway  
  149  9:56  Pylon  
  146  10:09  Oracle, Stalker x6  
  146  10:11  Nexus  
  161  10:26  Disruptor  
  157  10:31  Disruptor  
  160  10:38  Stalker x2  
  160  10:39  Stalker x3  
  170  10:54  Oracle  
  170  10:55  Protoss Ground Weapons Level 2  
  171  11:06  Stalker x2  
  172  11:13  Pylon  
  172  11:14  Charge  
  172  11:16  Pylon  
  172  11:17  Pylon  
  172  11:19  Pylon  
  172  11:20  Disruptor  
  170  11:43  Disruptor  
  161  11:48  Probe (Chrono Boost)  
  161  11:51  Disruptor  
  158  11:55  Stalker x4  
  158  11:58  Probe (Chrono Boost)  
  158  11:59  Probe x2 (Chrono Boost)  
  172  12:07  Gateway  
  172  12:09  Photon Cannon  
  172  12:10  Gateway x2  
  172  12:15  Gateway  
  172  12:16  Assimilator  
  172  12:17  Assimilator  
  172  12:18  Disruptor, Pylon  
  172  12:22  Disruptor  
  169  12:53  Disruptor  
  169  12:54  Disruptor, Zealot x2  
  169  12:55  Zealot x6  
  169  12:57  Oracle  
  188  13:00  Photon Cannon  
  188  13:03  Photon Cannon  
  188  13:04  Photon Cannon  
  191  13:06  Photon Cannon  
  191  13:09  Pylon  
  189  13:15  Protoss Ground Weapons Level 3  
  186  13:24  Disruptor  
  186  13:30  Disruptor  
  186  13:33  Robotics Facility  
  189  13:44  Zealot x4  
  189  13:45  Nexus  
  189  13:47  Oracle  
  194  13:55  Disruptor  
  185  14:05  Disruptor  
  154  14:10  Zealot x5  
  148  14:23  Probe x2 (Chrono Boost)  
  140  14:26  Disruptor  
  140  14:28  Oracle, Zealot x2  
  146  14:41  Disruptor  
  137  14:55  Zealot x4  
  137  14:57  Disruptor  
  145  15:14  Stalker x7  
  152  15:17  Disruptor  
  159  15:33  Disruptor  
  159  15:35  Nexus  
  157  15:37  Protoss Shields Level 1  
  157  15:40  Oracle  
  160  15:48  Pylon  
  163  15:51  Dark Shrine  
  163  15:52  Disruptor  
  163  15:56  Zealot x3  
  170  16:06  Disruptor  
  165  16:20  Zealot x7  
  159  16:33  Disruptor  
  159  16:37  Zealot x2  
  164  16:40  Disruptor  
  159  17:09  Disruptor  
  159  17:11  Disruptor  
  160  17:22  Stalker x11  
  180  17:27  Assimilator  
  180  17:28  Assimilator  
  182  17:40  Zealot  
  184  17:45  Disruptor  
  184  17:46  Zealot x6  
  199  17:55  Disruptor  
  182  18:05  Stalker x4  
  178  18:20  Disruptor  
  178  18:23  Dark Templar, Zealot x3  
  178  18:24  Dark Templar  
  178  18:26  Disruptor  
  162  18:45  Stalker x8  
  159  18:55  Probe (Chrono Boost)  
  151  19:08  Stalker x4  
  151  19:09  Stalker  
  161  19:12  Archon  
  161  19:13  Probe (Chrono Boost)  
  161  19:15  Probe (Chrono Boost)  
  163  19:26  Disruptor  
  163  19:31  Disruptor  
  140  20:01  Stalker x7  
  129  20:30  Stalker x8  
  137  20:49  Stalker x4  
Show
View Real Time Build Order
Export as new Build Order

ShoWTimE Protoss - Winner!

Build Orders:  

Get SALT Encoding   

  12  0:00  Probe (Chrono Boost)  
  13  0:11  Probe (Chrono Boost)  
  14  0:18  Pylon  
  14  0:22  Probe (Chrono Boost)  
  15  0:36  Probe (Chrono Boost)  
  15  0:37  Gateway  
  15  0:42  Assimilator  
  16  0:47  Probe (Chrono Boost)  
  17  0:51  Assimilator  
  17  0:57  Probe (Chrono Boost)  
  18  1:04  Gateway  
  18  1:08  Probe (Chrono Boost)  
  19  1:19  Probe (Chrono Boost)  
  20  1:27  Cybernetics Core  
  20  1:29  Probe (Chrono Boost)  
  21  1:35  Pylon  
  22  1:40  Probe (Chrono Boost)  
  22  1:50  Probe (Chrono Boost)  
  23  1:54  Warp Gate  
  23  2:03  Probe (Chrono Boost), Stalker x2  
  30  2:17  Mothership Core (Chrono Boost)  
  30  2:20  Pylon  
  30  2:37  Stalker  
  30  2:38  Stalker  
  30  2:43  Probe (Chrono Boost)  
  35  3:04  Nexus  
  35  3:08  Sentry  
  35  3:12  Probe (Chrono Boost)  
  38  3:19  Pylon  
  37  3:23  Probe (Chrono Boost)  
  38  3:36  Robotics Facility  
  38  3:39  Probe (Chrono Boost)  
  39  3:50  Probe (Chrono Boost)  
  39  3:54  Twilight Council  
  40  3:58  Sentry  
  40  4:00  Probe (Chrono Boost)  
  43  4:11  Probe (Chrono Boost)  
  43  4:14  Phoenix, Blink  
  43  4:17  Probe (Chrono Boost)  
  45  4:22  Probe (Chrono Boost)  
  45  4:23  Observer  
  46  4:28  Probe (Chrono Boost)  
  48  4:34  Probe (Chrono Boost)  
  48  4:37  Assimilator  
  49  4:38  Assimilator  
  49  4:40  Probe (Chrono Boost)  
  49  4:43  Immortal  
  51  4:46  Probe (Chrono Boost)  
  51  4:52  Probe (Chrono Boost)  
  56  4:56  Pylon  
  56  4:59  Probe (Chrono Boost)  
  57  5:04  Probe (Chrono Boost)  
  58  5:10  Stalker  
  58  5:11  Probe (Chrono Boost)  
  61  5:16  Probe (Chrono Boost), Pylon  
  61  5:17  Stalker  
  64  5:25  Probe (Chrono Boost)  
  66  5:29  Probe (Chrono Boost), Robotics Bay  
  66  5:36  Robotics Facility  
  66  5:42  Probe x2 (Chrono Boost)  
  68  5:49  Stalker x2  
  72  5:54  Probe (Chrono Boost), Immortal  
  73  6:04  Pylon  
  77  6:11  Gateway  
  77  6:14  Gateway  
  77  6:18  Disruptor  
  77  6:23  Pylon  
  80  6:28  Disruptor  
  80  6:34  Stalker  
  80  6:38  Pylon  
  85  6:46  Stalker  
  87  6:48  Pylon  
  87  6:49  Disruptor  
  87  6:50  Probe x2 (Chrono Boost)  
  89  6:59  Disruptor  
  92  7:07  Probe x2 (Chrono Boost)  
  97  7:15  Nexus  
  97  7:16  Pylon  
  97  7:22  Disruptor  
  97  7:26  Probe x2 (Chrono Boost)  
  97  7:27  Forge  
  102  7:34  Disruptor  
  102  7:38  Probe x2 (Chrono Boost)  
  102  7:43  Pylon  
  105  7:50  Probe x2 (Chrono Boost)  
  105  7:51  Stalker x2  
  109  7:56  Disruptor  
  111  8:02  Probe x2 (Chrono Boost)  
  111  8:03  Protoss Ground Weapons Level 1  
  117  8:14  Probe x2 (Chrono Boost)  
  117  8:16  Photon Cannon  
  118  8:24  Disruptor  
  118  8:26  Probe x2 (Chrono Boost)  
  118  8:33  Probe (Chrono Boost)  
  120  8:39  Stalker  
  120  8:40  Stalker x3  
  128  8:46  Probe x2 (Chrono Boost)  
  127  8:51  Probe (Chrono Boost)  
  128  8:59  Probe (Chrono Boost)  
  126  9:06  Disruptor  
  126  9:07  Stalker  
  126  9:08  Stalker x3  
  126  9:09  Disruptor  
  135  9:11  Pylon  
  135  9:12  Pylon  
  135  9:14  Assimilator  
  140  9:17  Gateway  
  140  9:19  Gateway  
  140  9:36  Stalker x2  
  140  9:37  Disruptor  
  143  9:39  Assimilator  
  143  9:41  Photon Cannon  
  143  9:43  Pylon  
  143  9:45  Gateway  
  146  9:47  Gateway  
  146  9:54  Stalker  
  146  9:55  Stalker  
  146  9:57  Disruptor  
  150  10:08  Disruptor  
  153  10:16  Protoss Ground Weapons Level 2  
  153  10:21  Pylon  
  153  10:26  Nexus  
  153  10:29  Pylon  
  153  10:31  Disruptor  
  153  10:41  Pylon  
  156  10:46  Stalker x5  
  162  10:51  Disruptor  
  165  11:02  Disruptor  
  165  11:08  Stalker  
  165  11:09  Stalker  
  172  11:15  Photon Cannon  
  172  11:16  Photon Cannon  
  172  11:20  Pylon  
  172  11:22  Warp Prism  
  172  11:24  Stalker x2  
  176  11:30  Charge  
  176  11:41  Disruptor  
  176  11:49  Probe (Chrono Boost)  
  176  11:50  Probe (Chrono Boost)  
  176  11:53  Disruptor, Stalker  
  176  11:54  Stalker x2  
  184  11:58  Assimilator  
  187  12:02  Assimilator  
  187  12:06  Gateway  
  187  12:07  Pylon  
  187  12:08  Stargate  
  187  12:11  Gateway  
  187  12:16  Photon Cannon  
  187  12:18  Photon Cannon  
  187  12:19  Photon Cannon  
  185  12:39  Disruptor  
  174  12:58  Zealot x6  
  186  13:00  Gateway  
  186  13:02  Gateway  
  186  13:04  Zealot x3  
  192  13:20  Zealot x4  
  200  13:57  Nexus  
  200  13:58  Pylon  
  200  14:02  Disruptor x2  
  178  14:04  Zealot x8  
  178  14:05  Zealot  
  155  14:13  Probe x2 (Chrono Boost)  
  155  14:14  Probe x2 (Chrono Boost)  
  159  14:23  Probe x2 (Chrono Boost)  
  155  14:26  Probe x2 (Chrono Boost), Stalker x4  
  155  14:27  Stalker x5  
  171  14:34  Probe x2 (Chrono Boost), Protoss Ground Weapons Level 3  
  173  14:57  Zealot x9  
  165  15:09  Fleet Beacon  
  165  15:11  Stargate  
  165  15:12  Probe x3 (Chrono Boost)  
  165  15:13  Probe x2 (Chrono Boost), Stargate  
  170  15:22  Zealot x6  
  170  15:26  Zealot x2  
  170  15:27  Oracle  
  186  15:28  Assimilator  
  189  15:48  Photon Cannon  
  189  15:51  Assimilator  
  189  15:57  Graviton Catapult  
  183  16:18  Carrier  
  183  16:21  Zealot x4  
  191  16:25  Carrier  
  191  16:29  Carrier  
  174  16:40  Stalker x5  
  174  16:41  Observer  
  174  16:42  Zealot  
  179  16:55  Zealot x4  
  187  17:04  Zealot x4  
  187  17:05  Zealot x2  
  187  17:07  Protoss Air Weapons Level 1  
  197  17:11  Disruptor  
  196  17:33  Protoss Ground Armor Level 1  
  194  17:55  Carrier  
  190  18:04  Zealot x6  
  188  18:20  Disruptor  
  188  18:21  Zealot  
  188  18:22  Zealot x4  
  188  18:25  Disruptor  
  158  18:43  Zealot x7  
  158  18:44  Zealot x4  
  158  18:47  Carrier  
  176  18:51  Disruptor  
  176  18:53  Carrier  
  168  19:01  Disruptor  
  178  19:09  Pylon  
  178  19:15  Photon Cannon  
  178  19:18  Photon Cannon, Zealot x6  
  178  19:19  Photon Cannon  
  178  19:20  Pylon  
  178  19:22  Disruptor  
  190  19:27  Carrier  
  184  19:36  Disruptor  
  177  19:56  Zealot x4  
  169  20:16  Zealot x6  
  169  20:17  Zealot  
  187  20:27  Zealot x3  
Tags
 
Add a new tag
Caveats
  • Supply blocks, unpowered buildings, or Contaminate may cause inaccurate times.
  • Supply counts are checked every 10 seconds.